 Dungeon Sprint DCSS version 0.16-a0-1183-g5b05a17 (webtiles) character file.

3241 Ololoev the Brawler (level 9, -1/87 HPs)
             Began as a Troll Hunter on Oct 10, 2014.
             Was an Elder of Trog.
             Slain by a trapdoor spider (18 damage)
             ... in the Dungeon (Sprint I: "Red Sonja").
             The game lasted 00:04:50 (752 turns).

Ololoev the Brawler (Troll Hunter)                   Turns: 752, Time: 00:04:51

Health: -1/87      AC:  5    Str: 25    XL:     9   Next: 67%
Magic:  4/4        EV:  9    Int:  7    God:    Trog [****..]
Gold:   606        SH:  0    Dex: 10    Spells: 0 memorised, 8 levels left

rFire  . . .     SeeInvis .       - Unarmed
rCold  . . .     Clarity  .     d - +0 animal skin
rNeg   . . .     SustAb   .     (shield restricted)
rPois  .         Gourm    +     (helmet restricted)
rElec  .         Spirit   .     (no cloak)
rCorr  .         Warding  .     (gloves unavailable)
rMut   .         NoTele   +     (boots unavailable)
MR     .....                    (no amulet)
Stlth  +.........               (no ring)
                                (no ring)

@: not resistant to hostile enchantments, very unstealthy
A: unfitting armour, claws 3, fast metabolism 3, gourmand, regeneration 2,
saprovore 2, shaggy fur 1, tough skin 2
a: Burn Spellbooks, Berserk, Trog's Hand, Brothers in Arms, Renounce Religion


You were in the Dungeon.
You worshipped Trog.
Trog was greatly pleased with you.
You were not hungry.

You visited 1 branch You collected 606 gold pieces.

Inventory:

Missiles
 c - 2 throwing nets
 k - 3 large rocks (quivered)
Armour
 d - a +0 animal skin (worn)
Magical devices
 b - a wand of random effects (14)
 l - a wand of disintegration (6)
Scrolls
 j - a scroll of blinking
 m - a scroll of immolation {unknown}
 n - a scroll of amnesia {unknown}
 o - a scroll of identify {unknown}
Potions
 f - a potion of heal wounds
 g - a potion of haste
 h - 2 potions of magic
 i - a potion of berserk rage


   Skills:
 * Level 4.8 Fighting
 + Level 13.2 Throwing
 - Level 1.5 Dodging
 - Level 0.4 Stealth
 + Level 15.8 Unarmed Combat


You had 8 spell levels left.
You didn't know any spells.

Dungeon Overview and Level Annotations

Branches:
Dungeon (1/1)

Altars:
Cheibriados
Dithmenos
Elyvilon
Fedhas
Gozag
Kikubaaqudgha
Makhleb
Nemelex Xobeh
Okawaru
Qazlal
Sif Muna
Trog
Vehumet
Xom
Yredelemnul
Zin
The Shining One
Jiyva

Shops:
D :


Innate Abilities, Weirdness & Mutations

You are too large for most types of armour.
You have claws for hands.
Your metabolism is lightning-fast.
You like to eat raw meat.
You heal very quickly.
You can eat rotten meat.
You are covered in fur (AC +1).
You have very tough skin (AC +2).


Message History

You mangle the trapdoor spider!!
You kill the trapdoor spider!
Trog accepts your kill.
You feel sick.
You barely miss the trapdoor spider.
You feel sick. The trapdoor spider bites you! The trapdoor spider bites you.
You scratch the trapdoor spider.
The trapdoor spider is lightly wounded.
You feel sick. The trapdoor spider bites you!
You scratch the trapdoor spider.
The trapdoor spider is lightly wounded.
You feel sick. The trapdoor spider bites you!
* * * LOW HITPOINT WARNING * * *
You scratch the trapdoor spider.
The trapdoor spider is moderately wounded.
You feel sick. The trapdoor spider bites you!
* * * LOW HITPOINT WARNING * * *
Drink which item? (? for menu, Esc to quit)
You feel better. The trapdoor spider bites you!!
You die...

##'#..§§§§§§§§§#
.'..._#≈§§§.#..#
##_.#'##§#####'###
###+#.#§§.(# #.'.#
# ####+### ###.#
#.# ### #§#
.....§##§#
.....§.§@#
++######s# #§# +.#
###


You could see a trapdoor spider.

Vanquished Creatures
  2 centaur warriors (D)
  An oklob plant (D)
  2 kobold demonologists (D)
  A slime creature (D)
  3 trapdoor spiders (D)
  A yak (D)
  A yellow wasp (D)
  An ogre (D)
  Sigmund (D)
  A crimson imp (D)
  A jelly (D)
  Ijyb (D)
  A giant eyeball (D)
17 creatures vanquished.

Notes
Turn   | Place    | Note
--------------------------------------------------------------
     0 | D        | Ololoev, the Troll Hunter, began the quest for the Orb.
     0 | D        | Reached XP level 1. HP: 19/19 MP: 1/1
     1 | D        | Noticed Ijyb
    12 | D        | Killed Ijyb
    12 | D        | Reached skill level 5 in Unarmed Combat
    12 | D        | Reached XP level 2. HP: 14/27 MP: 1/1
    40 | D        | Noticed an ogre
    44 | D        | Killed an ogre
    44 | D        | Reached skill level 9 in Unarmed Combat
    44 | D        | Reached XP level 3. HP: 33/33 MP: 2/2
    44 | D        | Reached XP level 4. HP: 41/41 MP: 2/2
    50 | D        | Noticed Sigmund
    53 | D        | Killed Sigmund
    53 | D        | Reached skill level 5 in Throwing
    53 | D        | Reached skill level 10 in Unarmed Combat
    53 | D        | Reached XP level 5. HP: 48/48 MP: 2/2
    63 | D        | Found a deep blue altar of Sif Muna.
    64 | D        | Noticed a jelly
    65 | D        | Killed a jelly
    66 | D        | Found a radiant altar of Vehumet.
    74 | D        | Found Meif's Book Emporium.
    74 | D        | Found a white marble altar of Elyvilon.
    74 | D        | Found a stormy altar of Qazlal.
    74 | D        | Found a burning altar of Makhleb.
    74 | D        | Found a basalt altar of Yredelemnul.
    74 | D        | Found a glowing golden altar of the Shining One.
    74 | D        | Found a sparkling altar of Nemelex Xobeh.
    74 | D        | Found a shimmering altar of Xom.
    74 | D        | Found an opulent altar of Gozag.
    74 | D        | Found an ancient bone altar of Kikubaaqudgha.
    74 | D        | Found a glowing silver altar of Zin.
    74 | D        | Noticed a yak
    80 | D        | Killed a yak
    80 | D        | Reached skill level 11 in Unarmed Combat
    80 | D        | Reached XP level 6. HP: 38/55 MP: 3/3
    81 | D        | Found an iron altar of Okawaru.
    82 | D        | Found a bloodstained altar of Trog.
    85 | D        | Became a worshipper of Trog the Wrathful
   108 | D        | Acquired Trog's first power
   185 | D        | Found a snail-covered altar of Cheibriados.
   185 | D        | Found a viscous altar of Jiyva.
   185 | D        | Found a shadowy altar of Dithmenos.
   185 | D        | Found a blossoming altar of Fedhas.
   185 | D        | Noticed a slime creature
   190 | D        | Killed a slime creature
   190 | D        | Reached skill level 12 in Unarmed Combat
   223 | D        | Noticed a kobold demonologist
   224 | D        | Noticed a kobold demonologist
   227 | D        | Noticed a red devil
   232 | D        | Noticed a rust devil
   233 | D        | Noticed a hellwing
   234 | D        | Killed a kobold demonologist
   234 | D        | Acquired Trog's second power
   234 | D        | Reached skill level 13 in Unarmed Combat
   234 | D        | Reached XP level 7. HP: 53/62 MP: 3/3
   237 | D        | Killed a kobold demonologist
   237 | D        | Reached skill level 10 in Throwing
   237 | D        | Reached XP level 8. HP: 51/70 MP: 3/3
   322 | D        | Noticed a centaur warrior
   342 | D        | Noticed a centaur warrior
   342 | D        | Killed a centaur warrior
   342 | D        | Reached skill level 14 in Unarmed Combat
   350 | D        | Killed a centaur warrior
   350 | D        | Reached skill level 15 in Unarmed Combat
   350 | D        | Reached XP level 9. HP: 54/76 MP: 4/4
   418 | D        | Noticed a yellow wasp
   420 | D        | Killed a yellow wasp
   436 | D        | Noticed an oklob plant
   442 | D        | Killed an oklob plant
   489 | D        | Noticed a trapdoor spider
   493 | D        | Killed a trapdoor spider
   493 | D        | Acquired Trog's third power
   585 | D        | Noticed a trapdoor spider
   587 | D        | Killed a trapdoor spider
   677 | D        | Received a gift from Trog
   743 | D        | Noticed a trapdoor spider
   746 | D        | Noticed a trapdoor spider
   747 | D        | Killed a trapdoor spider
   752 | D        | Slain by a trapdoor spider

Action                   |  1- 3 |  4- 6 |  7- 9 || total
-------------------------+-------+-------+-------++-------
Melee: Unarmed           |     7 |    11 |    26 ||    44
Throw: Large rock        |     8 |    14 |     6 ||    28
Invok: Berserk           |       |     1 |     2 ||     3
  Use: Scroll            |       |       |     1 ||     1
       Potion            |       |       |     1 ||     1
  Eat: Meat ration       |       |       |     2 ||     2
